Map: Ascension to Aiur LE

Players

HeroMarine

  • Race: Terran Terran
  • League: Master
  • Spawn Location: 5:00

Namshar - Winner!

  • Race: Zerg Zerg
  • League: Grandmaster
  • Spawn Location: 11:00

Event: HomeStory Cup XVI

VOD

Have the link to the VOD?

Description

Time

  • Played on: Nov. 10, 2017, 5:05 p.m.
  • Length: 19:24

All games in this series

Show
View Real Time Build Order
Export as new Build Order

HeroMarine Terran 

Build Orders: Reaper Expand, Bio Tank 

Get SALT Encoding   

  12  0:00  SCV  
  13  0:13  SCV  
  14  0:17  Supply Depot  
  14  0:25  SCV  
  15  0:38  SCV  
  15  0:40  Barracks  
  16  0:44  Refinery  
  16  0:51  SCV  
  17  1:03  SCV  
  18  1:15  SCV  
  19  1:27  Reaper, Orbital Command  
  20  1:40  Command Center  
  20  1:52  Supply Depot  
  20  1:53  SCV  
  21  1:59  Marine  
  22  2:05  SCV  
  22  2:07  Factory  
  23  2:12  Refinery  
  23  2:17  SCV  
  23  2:19  Barracks Tech Lab  
  24  2:24  Barracks Reactor  
  24  2:29  SCV  
  25  2:41  SCV  
  26  2:51  Starport  
  26  2:53  Orbital Command, SCV  
  27  3:04  Hellion x2  
  31  3:05  SCV  
  31  3:06  Barracks Tech Lab  
  32  3:17  SCV  
  32  3:18  SCV  
  34  3:25  Supply Depot, Hellion x2  
  38  3:31  SCV  
  38  3:32  SCV  
  40  3:36  Viking  
  40  3:39  Barracks Tech Lab  
  42  3:44  SCV x2  
  44  3:50  Supply Depot  
  44  3:56  SCV x2  
  44  3:57  Stimpack, Marine  
  47  4:08  SCV x2  
  49  4:10  Banshee  
  52  4:20  Command Center, SCV x2  
  54  4:27  Barracks x2  
  54  4:28  Marine  
  54  4:29  Factory Reactor  
  55  4:32  SCV x2  
  55  4:35  Supply Depot  
  57  4:44  SCV x2  
  59  4:46  Marine  
  59  4:50  Engineering Bay  
  59  4:51  Engineering Bay  
  60  4:56  SCV x2  
  62  5:00  Refinery  
  62  5:02  Refinery  
  62  5:04  Marine  
  63  5:07  Starport Reactor  
  63  5:08  SCV x2  
  65  5:16  Supply Depot  
  65  5:17  Supply Depot  
  65  5:18  Siege Tank  
  65  5:19  Marine x2  
  70  5:22  Terran Infantry Weapons Level 1  
  70  5:24  Terran Infantry Armor Level 1  
  70  5:31  SCV x2, Marine  
  70  5:32  Marine x2  
  70  5:33  Orbital Command  
  75  5:39  Marine x2  
  77  5:43  SCV x2  
  77  5:44  Medivac  
  77  5:45  Medivac  
  77  5:49  Marine  
  84  5:50  Marine x2  
  84  5:54  Supply Depot  
  84  5:55  Supply Depot, SCV x2  
  84  5:56  Marine  
  88  5:59  SCV  
  88  6:02  Combat Shields, Marine  
  91  6:06  Marine  
  91  6:07  SCV x2  
  91  6:08  Marine x2  
  91  6:11  SCV  
  97  6:14  Marine  
  98  6:20  SCV x2, Marine  
  98  6:22  Medivac x2  
  98  6:23  SCV  
  106  6:27  Marine x2  
  106  6:28  Marine  
  106  6:32  SCV x2, Marine  
  112  6:35  Barracks, Siege Tank  
  112  6:36  Barracks  
  112  6:38  Marine  
  112  6:39  Supply Depot  
  116  6:42  Supply Depot x2, SCV  
  116  6:44  SCV  
  117  6:57  Refinery x2, Factory  
  117  7:00  SCV x3, Armory  
  120  7:02  Marine x2  
  120  7:04  Marine x2  
  120  7:07  Medivac x2, Marine  
  119  7:12  SCV x3  
  122  7:15  Supply Depot  
  122  7:19  Supply Depot  
  122  7:20  Marine x2  
  122  7:22  Marine  
  125  7:24  SCV x2, Marine  
  125  7:25  Marine  
  130  7:30  SCV  
  130  7:32  Barracks Reactor x2  
  130  7:35  Siege Tank  
  130  7:36  SCV  
  133  7:38  Marine x2  
  133  7:40  Marine  
  133  7:42  Factory Tech Lab, Marine  
  133  7:43  Marine  
  138  7:55  Command Center, Marine  
  138  7:56  Marine  
  138  7:57  Marine  
  138  7:58  Medivac x2, Terran Infantry Weapons Level 2  
  145  8:00  Marine  
  145  8:01  Terran Infantry Armor Level 2, Marine  
  143  8:12  Siege Tank x2  
  147  8:13  Marine x2  
  147  8:14  Marine  
  147  8:15  Marine x2  
  147  8:18  Marine x3  
  147  8:19  Marine  
  154  8:29  Terran Vehicle Weapons Level 1  
  154  8:31  Marine x2  
  154  8:32  Marine  
  157  8:34  Barracks  
  157  8:37  Barracks x2  
  156  8:42  Marine  
  157  8:53  Supply Depot x2  
  157  9:01  Marine  
  157  9:07  Marauder, Siege Tank x2, Supply Depot, Marine x7  
  157  9:09  Supply Depot  
  172  9:13  Planetary Fortress  
  170  9:17  Medivac, Missile Turret  
  170  9:18  Medivac  
  170  9:19  SCV x3, Marine  
  172  9:24  Marine x3  
  172  9:25  Barracks Tech Lab x2  
  172  9:26  Barracks Tech Lab  
  172  9:29  Marauder  
  177  9:31  SCV  
  177  9:37  Marine x5  
  169  9:39  Siege Tank x2  
  169  9:42  Marine x3  
  169  9:43  Refinery x2, SCV x2  
  181  9:50  Marauder  
  182  9:53  Liberator  
  182  9:55  Marauder x2, Marine  
  182  9:56  Marauder, Concussive Shells  
  182  9:57  Command Center, Marine x3  
  192  10:01  Marine x2  
  192  10:06  Marine x2  
  196  10:09  Sensor Tower, Missile Turret  
  199  10:15  Terran Infantry Weapons Level 3  
  199  10:22  Marauder  
  199  10:23  Marine x2  
  199  10:24  Marine x2  
  197  10:30  Missile Turret  
  197  10:32  Missile Turret  
  197  10:34  Terran Infantry Armor Level 3  
  196  10:36  Terran Ship Weapons Level 1  
  196  10:37  Siege Tank  
  196  10:38  Fusion Core  
  196  10:39  Starport  
  196  10:42  Marine  
  200  10:43  Starport  
  200  10:47  Liberator  
  200  10:54  Missile Turret  
  199  11:02  Marauder  
  195  11:06  Marauder  
  197  11:15  Marauder  
  197  11:18  Marauder  
  197  11:22  Missile Turret  
  197  11:23  Missile Turret  
  197  11:24  Marauder  
  199  11:27  Marauder  
  199  11:29  Marine x2  
  165  11:34  Marine x3  
  165  11:37  Marauder  
  165  11:39  Marauder  
  154  11:41  Marine  
  154  11:42  Marine  
  154  11:45  Marauder  
  154  11:46  Marine  
  152  11:49  Marauder, Marine x2  
  152  11:52  Marine x2  
  156  11:56  Starport Tech Lab, Starport Reactor  
  156  11:57  Liberator x2, Marine  
  156  11:58  Marauder  
  156  11:59  Marine x2  
  156  12:01  Marauder, Liberator  
  162  12:04  Marine  
  162  12:06  Marauder  
  162  12:07  Marine x2  
  167  12:09  Marine x2  
  167  12:10  Marauder  
  167  12:15  Siege Tank x2, Marine  
  184  12:17  Marine x2  
  184  12:19  Marauder  
  184  12:21  Liberator x2, Marine  
  184  12:22  Marauder  
  194  12:23  Planetary Fortress  
  194  12:25  Marine  
  194  12:28  Marauder  
  176  12:31  Marauder  
  178  12:41  Marauder  
  178  12:43  Marauder  
  188  12:48  Marine x2  
  188  12:49  Marauder  
  195  12:51  Siege Tank  
  195  12:53  Marauder  
  195  12:54  Siege Tank  
  195  12:57  Terran Ship Weapons Level 2  
  195  12:58  Advanced Ballistics  
  200  13:11  Liberator  
  200  13:12  Liberator  
  185  13:14  Marauder  
  170  13:23  Marine  
  170  13:24  Marauder x2, Marine  
  170  13:27  Liberator x3  
  170  13:31  Marauder, Marine x5  
  170  13:32  Marine  
  161  13:35  Marauder  
  146  13:41  Marine x2  
  146  13:44  Marine  
  146  13:45  Marine  
  156  13:49  Marine x4  
  156  13:50  Marine x2  
  156  13:53  Marauder, Siege Tank x2  
  170  13:56  Marauder  
  172  14:03  Marauder x2  
  172  14:07  Sensor Tower, Marine x2  
  178  14:11  Medivac  
  178  14:12  Medivac  
  178  14:14  Marauder, Marine x2  
  178  14:15  Command Center  
  178  14:16  Marine  
  187  14:18  Marauder  
  187  14:19  Marine  
  187  14:21  Liberator x2  
  189  14:24  Marauder x2  
  191  14:32  Marine x3  
  191  14:35  Marauder  
  200  14:57  Liberator x2  
  200  14:58  Sensor Tower  
  200  15:09  Command Center, Liberator x2  
  185  15:15  SCV x3  
  185  15:16  SCV x2  
  173  15:27  Medivac, SCV x2  
  173  15:28  Thor x2, SCV  
  160  15:29  Missile Turret  
  160  15:30  Planetary Fortress  
  160  15:31  Missile Turret  
  172  15:36  SCV x2  
  172  15:38  Marauder x2  
  172  15:39  Marauder x2, SCV x2  
  172  15:40  Liberator x2  
  172  15:41  Marine x2  
  184  15:50  Missile Turret  
  184  15:51  Missile Turret  
  184  15:52  Liberator  
  184  15:53  Marine x3  
  184  15:55  Marine  
  184  15:56  Marine x2  
  182  15:57  Medivac  
  182  15:58  Marine  
  182  15:59  Marine  
  182  16:00  Marauder x3  
  182  16:03  Marauder  
  193  16:08  Liberator  
  193  16:10  Liberator, Marine  
  193  16:11  Thor, Marine x2  
  191  16:21  Marauder x2  
  191  16:22  Marauder  
  187  16:27  Marauder, Marine x4  
  187  16:31  Refinery x2, Orbital Command  
  199  16:50  Liberator  
  199  16:51  Liberator x2  
  193  16:57  Marauder x2  
  193  16:59  Marine  
  191  17:10  Marauder x2, Marine x3  
  191  17:14  Refinery, Marine x4  
  196  17:17  Marine  
  196  17:18  Marine  
  196  17:19  Marauder  
  199  17:23  Refinery  
  199  17:28  Marine  
  200  17:30  Command Center  
  200  17:32  Barracks  
  200  17:33  Command Center  
  200  17:34  Barracks  
  200  17:35  Barracks  
  200  17:37  Liberator x3  
  200  17:38  Liberator x2  
  154  17:52  Marauder x2, Marine x2  
  154  17:53  Marine x4  
  151  17:58  Siege Tank  
  151  18:01  Marauder x2  
  151  18:02  Marine x2  
  154  18:10  Marine x2  
  154  18:11  Marine x4  
  146  18:14  Marauder x2  
  146  18:19  Marine  
  140  18:20  Liberator x2, Marine  
  140  18:22  Marauder x2  
  129  18:28  Marine x3  
  129  18:29  Marine  
  123  18:35  Marauder x2  
  123  18:37  Medivac, Marine  
  123  18:38  Marine  
  120  18:44  Marauder x2  
  120  18:46  Marine x3  
  120  18:47  Marine  
  131  18:53  Marine  
  131  18:55  Marine x2  
  121  18:56  Marauder x2  
  111  19:04  Marine x3  
  111  19:05  Marine  
Show
View Real Time Build Order
Export as new Build Order

Namshar Zerg - Winner!

Build Orders: Hatch First 

Get SALT Encoding   

  12  0:00  Drone  
  13  0:11  Overlord  
  13  0:16  Drone  
  14  0:30  Drone x2  
  14  0:35  Drone  
  17  0:51  Hatchery  
  17  0:54  Drone  
  18  0:57  Drone  
  18  1:08  Extractor  
  17  1:13  Spawning Pool  
  17  1:16  Drone  
  17  1:19  Drone  
  18  1:27  Drone  
  19  1:38  Overlord  
  19  1:48  Drone  
  20  1:59  Queen  
  20  2:00  Zergling x2  
  23  2:03  Queen, Zergling x2  
  26  2:08  Metabolic Boost  
  26  2:10  Drone  
  26  2:14  Drone  
  28  2:21  Drone  
  29  2:24  Drone  
  30  2:32  Drone  
  30  2:36  Queen  
  33  2:40  Overlord  
  33  2:42  Drone  
  34  2:46  Pneumatized Carapace  
  34  2:50  Drone  
  35  2:55  Overlord  
  35  2:59  Drone  
  35  3:04  Drone  
  37  3:09  Drone  
  37  3:10  Drone x3  
  41  3:14  Drone x2  
  41  3:15  Drone  
  44  3:20  Overlord  
  44  3:28  Hatchery  
  44  3:32  Extractor  
  42  3:35  Drone  
  42  3:36  Queen  
  42  3:38  Drone  
  42  3:40  Drone  
  47  3:46  Drone  
  47  3:47  Drone x2, Zergling x2  
  47  3:48  Zergling x4  
  53  3:50  Zergling x4  
  53  3:54  Overlord  
  55  3:58  Drone  
  56  4:07  Overlord  
  56  4:10  Baneling Nest  
  56  4:11  Drone  
  56  4:13  Queen  
  56  4:14  Lair  
  58  4:23  Spine Crawler  
  57  4:28  Overlord  
  57  4:29  Drone x4  
  61  4:38  Zergling x4  
  63  4:48  Drone  
  63  4:49  Drone  
  63  4:50  Drone x3  
  63  4:51  Drone x3  
  71  5:01  Overlord x2  
  71  5:04  Evolution Chamber x2  
  71  5:05  Drone  
  71  5:06  Drone  
  71  5:10  Hatchery  
  71  5:13  Drone x2  
  72  5:17  Centrifical Hooks  
  72  5:23  Overlord  
  72  5:24  Drone x3  
  72  5:25  Drone x5  
  72  5:27  Extractor  
  79  5:30  Overlord  
  79  5:33  Drone x2  
  79  5:34  Extractor  
  80  5:36  Zerg Ground Armor Level 1  
  80  5:37  Zerg Melee Weapons Level 1  
  80  5:41  Extractor  
  80  5:42  Extractor  
  78  5:45  Drone x2  
  78  5:49  Drone  
  81  5:50  Drone x2  
  81  5:51  Drone x2  
  81  5:53  Overlord x2  
  85  5:59  Baneling x7  
  85  6:04  Overlord, Drone  
  85  6:05  Overlord  
  86  6:11  Infestation Pit  
  86  6:12  Zergling x12  
  91  6:18  Zergling x2  
  91  6:25  Queen  
  94  6:30  Zergling x2  
  94  6:31  Zergling x6  
  94  6:32  Overlord x2  
  97  6:33  Drone  
  97  6:36  Burrow  
  97  6:37  Hatchery  
  97  6:46  Zergling x10  
  101  6:50  Baneling  
  101  6:51  Baneling  
  101  6:53  Drone x4  
  101  6:54  Drone x3  
  106  6:56  Hive  
  106  6:57  Pathogen Glands  
  106  7:00  Zergling x8  
  104  7:14  Queen  
  107  7:15  Drone  
  107  7:16  Overlord  
  107  7:20  Zergling x16  
  112  7:31  Zerg Melee Weapons Level 2, Zerg Ground Armor Level 2  
  112  7:35  Zergling x14  
  117  7:42  Zergling x2  
  117  7:43  Zergling x10  
  120  7:52  Queen  
  120  7:55  Infestor x2  
  120  7:56  Infestor x2  
  120  7:57  Infestor  
  130  7:58  Baneling x2  
  130  7:59  Drone x2  
  124  8:06  Zergling x2  
  124  8:07  Zergling x16  
  124  8:11  Queen, Adrenal Glands  
  129  8:26  Zergling x18  
  129  8:27  Zergling x12  
  140  8:33  Baneling x5  
  140  8:34  Baneling x3  
  140  8:36  Drone  
  140  8:37  Ultralisk Cavern  
  140  8:39  Queen  
  142  8:41  Zergling x8  
  142  8:46  Queen, Baneling x4  
  148  8:55  Spore Crawler  
  146  8:58  Zergling x2  
  146  8:59  Zergling x16  
  155  9:04  Overlord x4  
  155  9:10  Infestor  
  154  9:23  Baneling x3  
  154  9:24  Baneling, Infestor x2  
  152  9:25  Zergling x2  
  152  9:26  Zergling x16  
  152  9:28  Baneling x3  
  165  9:35  Zergling x10  
  165  9:36  Zergling x6  
  172  9:40  Hatchery  
  171  9:46  Chitinous Plating  
  171  9:48  Zerg Ground Armor Level 3  
  171  9:49  Overlord  
  171  9:50  Zergling x2  
  171  9:51  Zergling x6  
  175  9:54  Queen  
  175  9:57  Zerg Melee Weapons Level 3  
  177  10:02  Baneling x4  
  177  10:07  Baneling, Zergling x16  
  177  10:28  Ultralisk  
  177  10:29  Ultralisk  
  177  10:30  Overlord  
  177  10:32  Zergling x18  
  198  10:35  Overlord  
  198  10:37  Overlord  
  198  10:39  Baneling x6  
  198  10:46  Extractor  
  198  10:47  Drone  
  198  10:49  Spire  
  195  11:04  Ultralisk  
  196  11:14  Queen  
  132  11:50  Ultralisk  
  132  11:51  Ultralisk x3, Zergling x26  
  132  11:52  Zergling x8  
  149  11:57  Ultralisk, Zergling x14  
  149  11:58  Zergling x14  
  169  12:07  Drone x6  
  171  12:10  Zergling x2  
  172  12:19  Corruptor x4  
  179  12:29  Drone x2  
  177  12:30  Corruptor x2  
  177  12:32  Extractor  
  177  12:33  Drone x3  
  182  12:41  Corruptor x2  
  187  12:52  Corruptor x2  
  189  12:59  Zerg Flyer Weapons Level 1  
  189  13:07  Corruptor x2  
  183  13:13  Hatchery  
  183  13:18  Ultralisk, Zergling x20  
  157  13:34  Ultralisk, Zergling x12  
  157  13:35  Zergling x10  
  154  13:46  Corruptor x2  
  160  13:48  Ultralisk  
  160  13:54  Ultralisk, Zergling x6  
  169  14:00  Queen  
  169  14:01  Queen  
  173  14:03  Drone x2  
  173  14:05  Baneling x6  
  173  14:07  Infestor  
  177  14:17  Infestor  
  177  14:19  Corruptor  
  177  14:20  Corruptor  
  177  14:21  Zergling x12  
  183  14:38  Ultralisk, Zergling x2  
  183  14:39  Zergling x14  
  197  14:46  Zerg Missile Weapons Level 1  
  194  14:59  Corruptor  
  191  15:00  Corruptor  
  191  15:01  Zergling x10  
  191  15:03  Baneling x7  
  197  15:14  Ultralisk, Zergling x22  
  177  15:23  Ultralisk, Zergling x2  
  177  15:24  Zergling x14  
  170  15:35  Infestor x2  
  169  15:42  Hatchery  
  167  15:55  Ultralisk, Zergling x12  
  167  15:56  Zergling x2  
  175  16:08  Baneling x5  
  167  16:20  Ultralisk, Zergling x14  
  176  16:31  Corruptor  
  176  16:32  Corruptor x3  
  180  16:35  Ultralisk, Zergling x18  
  195  16:43  Baneling x4  
  177  17:02  Corruptor x2  
  177  17:04  Ultralisk, Zergling x18  
  196  17:13  Extractor  
  195  17:16  Queen  
  195  17:17  Queen  
  195  17:22  Extractor  
  197  17:23  Extractor  
  197  17:29  Drone x2  
  198  17:30  Baneling  
  198  17:31  Baneling x4  
  198  17:34  Zergling x2  
  198  17:35  Zergling x2  
  198  17:49  Ultralisk, Zergling x16  
  191  17:55  Ultralisk, Zergling x14  
  198  18:02  Infestor  
  198  18:05  Zergling x6  
  190  18:16  Ultralisk, Zergling x2  
  190  18:17  Zergling x18  
  192  18:29  Ultralisk, Zergling x2  
  190  18:45  Baneling x8  
  190  18:48  Zergling x26  
  191  18:55  Zergling x6  
  189  19:24  Hatchery  
Tags
 
Add a new tag
Caveats
  • Supply blocks, unpowered buildings, or Contaminate may cause inaccurate times.
  • Supply counts are checked every 10 seconds.